 Dungeon Crawl Stone Soup version 0.18-a0-1745-gffa9a88 (webtiles) character file.

11148 inmateoo the Martial Artist (level 11, -4/91 HPs)
             Began as a Demonspawn Ice Elementalist on Apr 12, 2016.
             Was the Champion of Cheibriados.
             Slain by Maud
             ... wielding a +2 battleaxe
              (28 damage)
             ... on level 11 of the Dungeon.
             The game lasted 00:25:53 (11648 turns).

inmateoo the Martial Artist (DsIE)                 Turns: 11648, Time: 00:25:54

Health: -4/91      AC:  8    Str: 27      XL:     11   Next: 45%
Magic:  15/16      EV: 20    Int: 31 (32) God:    Cheibriados [******]
Gold:   555        SH:  0    Dex: 26      Spells: 5 memorised, 5 levels left

rFire  + . .     SeeInvis .     f - +3 whip (elec)
rCold  + + +     Gourm    .     w - +2 troll leather armour
rNeg   . . .     Faith    .     (no shield)
rPois  .         Spirit   .     h - +2 hat
rElec  .         Dismiss  .     (no cloak)
rCorr  .         Reflect  .     (no gloves)
SustAt .         Harm     .     s - +0 pair of boots
MR     ++...     Clarity  +     (no amulet)
Stlth  ++........               r - ring of protection from magic
                                v - ring of protection from fire

@: very slightly contaminated, invisible (expiring), very slow, very resistant
to hostile enchantments, unstealthy
A: horns 1, talons 1, clarity, clumsy 1, cold resistance 3, deformed body,
demonic guardian 1, deterioration 1, magic resistance 1, robust 1, screaming 3,
slow regeneration 1, evolution 1, sturdy frame 1
a: Bend Time, Temporal Distortion, Slouch, Step From Time, Renounce Religion


You were on level 11 of the Dungeon.
You worshipped Cheibriados.
Cheibriados was exalted by your worship.
You were not hungry.

You visited 1 branch of the dungeon, and saw 11 of its levels.

You collected 555 gold pieces.

Inventory:

Hand Weapons
 f - a +3 whip of electrocution (weapon)
 g - a +2 spear of venom
Armour
 h - a +2 hat (worn)
 s - a +0 pair of boots (worn)
 w - a +2 troll leather armour (worn)
Jewellery
 m - an uncursed ring of wizardry
 o - an uncursed ring of sustain attributes
 r - a ring of protection from magic (right hand)
 v - a ring of protection from fire (left hand)
Wands
 k - a wand of slowing (27/48)
 x - a wand of iceblast (10/15)
 y - a wand of acid (8/15)
 I - a wand of slowing (18/48)
 K - a wand of flame (21/48)
Scrolls
 e - 4 scrolls of remove curse
 j - a scroll of magic mapping
 B - a scroll of teleportation
 F - a scroll of amnesia
 G - 2 scrolls of fog
Potions
 d - 3 potions of brilliance
 n - a potion of magic
 p - 3 potions of curing
 q - a potion of invisibility
 t - a potion of ambrosia
 C - a potion of cancellation
 D - a potion of berserk rage {unknown}
 H - a potion of heal wounds
Books
 b - a book of Frost

   Spells                             Type                      Level
   a - Freeze                         Ice                          1
   b - Throw Frost                    Conjuration/Ice              2
   c - Ozocubu's Armour               Charms/Ice                   3
   d - Throw Icicle                   Conjuration/Ice              4
   e - Summon Ice Beast               Ice/Summoning                4
 A - a Grand Grimoire

   Spells                             Type                      Level
   a - Monstrous Menagerie            Summoning                    7
   b - Summon Greater Demon           Summoning                    7
   c - Malign Gateway                 Summoning/Translocation      7
   d - Summon Horrible Things         Summoning                    8
 E - a book of Spatial Translocations

   Spells                             Type                      Level
   a - Apportation                    Translocation                1
   b - Blink                          Translocation                2
   c - Shroud of Golubria             Charms/Translocation         2
   d - Portal Projectile              Translocation                3
   e - Teleport Other                 Translocation                3
   f - Passage of Golubria            Translocation                4
Miscellaneous
 J - a phial of floods (inert)
Comestibles
 a - a beef jerky
 c - 6 bread rations
 i - 5 meat rations
 l - 17 fruits
 u - 5 chunks of flesh
 z - a royal jelly


   Skills:
 + Level 6.8 Fighting
 + Level 6.9 Armour
 + Level 7.1 Dodging
 - Level 1.7 Stealth
 * Level 10.5 Unarmed Combat
 + Level 2.6 Spellcasting
   Level 1.0 Conjurations
 + Level 2.0 Translocations
 - Level 2.6 Ice Magic
 + Level 7.1 Invocations


You had 5 spell levels left.
You knew the following spells:

 Your Spells              Type           Power        Failure   Level  Hunger
a - Freeze                Ice            ###.         2%          1    None
b - Apportation           Tloc           ###.......   3%          1    None
c - Blink                 Tloc           N/A          6%          2    #......
d - Shroud of Golubria    Chrm/Tloc      ##........   10%         2    #......
e - Passage of Golubria   Tloc           N/A          34%         4    ####...


Dungeon Overview and Level Annotations

Branches:
Dungeon (11/15)            Temple (0/1) D:7            Lair (0/8) D:9
    Orc: D:9-12

Altars:
Cheibriados
Elyvilon
Fedhas
Gozag
Pakellas
Qazlal
Vehumet
Xom
Zin
The Shining One

Annotations:
D:7 exclusion: oklob sapling
D:11 Maud


Innate Abilities, Weirdness & Mutations

You have sharp toenails.
Your flesh is almost immune to the effects of cold.
A weak demonic guardian rushes to your aid.
Your movements are slightly less encumbered by armour (ER -2).
You have a pair of small horns on your head.
You possess an exceptional clarity of mind.
You are clumsy. (Dex -2)
Armour fits poorly on your strangely shaped body.
Your body sometimes deteriorates upon taking damage.
You are resistant to hostile enchantments.
You are robust (+10% HP).
You frequently scream uncontrollably at your foes.
You regenerate slowly when monsters are visible.
You evolve.


Message History

Your ufetubus hits the orc warrior but does no damage.
The orc warrior misses your ufetubus. The wolf misses you.
Your ufetubus hits the orc warrior.
The orc warrior dies!
Cheibriados appreciates the change of pace.
Your Translocations skill increases to level 2!
Maud misses you. The orc completely misses you.
A wolf comes into view.
You scream at the wolf!
Unknown command.
The wolf howls!
You hit Maud.
Maud is severely wounded.
You hear a howl!
You hear a shout! x2
The wolf bites you!
* * * LOW HITPOINT WARNING * * *
Your body deteriorates!
You feel dopey. The wolf completely misses you. The orc completely misses you.
Maud hits you with an enchanted battleaxe!!
You die...

/.)...(.# ........#
........###### .
.............# ....
........####.# ......
......### #.# .......
.......#####.# .......
.....#.......#####......
.......###.#..?.@h...h..
..#............
...###............ .....


You could see Maud, 2 wolves, an orc and a friendly ufetubus.

Vanquished Creatures
  Fannar (D:10)
  Harold (D:10)
  Erolcha (D:11)
  An unseen horror (D:10)
  An ugly thing (D:11)
  Psyche (D:8)
  2 komodo dragons
  A troll (D:9)
  A two-headed ogre (D:11)
  2 yaks (D:9)
  3 hippogriffs
  2 hungry ghosts (D:9)
  2 water moccasins (D:7)
  2 orc warriors (D:9)
  3 sky beasts
  A necrophage (D:9)
  A black bear (D:10)
  2 ice beasts
  2 phantoms
  9 centaurs
  9 ogres
  An eye of draining (D:9)
  A crocodile (D:9)
  5 giant frogs
  A gnoll sergeant (D:5)
  4 scorpions
  5 killer bees (D:9)
  8 wights
  A howler monkey (D:4)
  3 crimson imps (D:8)
  A giant frog zombie (D:8)
  A jelly (D:9)
  4 hounds
  6 gnoll shamans (D:5)
  A giant frog skeleton (D:5)
  3 orc priests
  6 iguanas
  9 orc wizards
  Jessica (D:3)
  13 worker ants
  2 killer bee zombies
  A howler monkey zombie (D:6)
  3 worker ant zombies
  33 gnolls
  8 adders
  4 adder zombies
  3 adder skeletons
  3 worms
  2 dart slugs
  6 giant geckos
  26 orcs
  9 bats
  7 giant cockroaches
  6 goblins
  4 hobgoblins
  17 jackals
  9 quokkas
  A giant gecko skeleton (D:5)
  4 giant newts
  13 kobolds
  10 rats
293 creatures vanquished.

Vanquished Creatures (collateral kills)
  An ugly thing (D:11)
  The ghost of M4edhros the Green Octopus, a novice OpAr of Fedhas (D:5)
  A wyvern (D:10)
  2 yaks (D:9)
  An orc warrior (D:11)
  A giant frog (D:8)
  A killer bee (D:9)
  A quasit (D:8)
  A jelly (D:10)
  2 adders
  A jackal (D:5)
  A giant gecko skeleton (D:5)
14 creatures vanquished.

Vanquished Creatures (others)
  9 plants (D:9)
  A toadstool (D:11)
10 creatures vanquished.

Grand Total: 317 creatures vanquished

Notes
Turn   | Place    | Note
--------------------------------------------------------------
     0 | D:1      | inmateoo the Demonspawn Ice Elementalist began the quest for the Orb.
     0 | D:1      | Reached XP level 1. HP: 13/13 MP: 3/3
   307 | D:1      | Gained mutation: Your movements are slightly less encumbered by armour (ER -2). [demonic ancestry]
   307 | D:1      | Reached XP level 2. HP: 18/20 MP: 3/5
  1348 | D:2      | Reached skill level 1 in Fighting
  1541 | D:2      | Reached skill level 1 in Unarmed Combat
  1541 | D:2      | Reached XP level 3. HP: 24/26 MP: 0/6
  1918 | D:2      | Found a glowing silver altar of Zin.
  1918 | D:2      | Found a white marble altar of Elyvilon.
  1919 | D:2      | Found a glowing golden altar of the Shining One.
  2770 | D:3      | Reached XP level 4. HP: 28/32 MP: 1/7
  2902 | D:3      | Found a radiant altar of Vehumet.
  2923 | D:3      | Noticed Jessica
  2968 | D:3      | Killed Jessica
  2968 | D:3      | Reached skill level 2 in Unarmed Combat
  3121 | D:3      | Found an opulent altar of Gozag.
  3121 | D:3      | Noticed an orc warrior
  3153 | D:3      | Reached XP level 5. HP: 24/38 MP: 4/8
  3247 | D:3      | Gained mutation: You occasionally shout uncontrollably at your foes. [potion of mutation]
  3247 | D:3      | Gained mutation: You are clumsy. (Dex -2) [potion of mutation]
  3247 | D:3      | Gained mutation: You are resistant to hostile enchantments. [potion of mutation]
  3301 | D:3      | Found an oddly glowing altar of Pakellas.
  3306 | D:3      | Found a shimmering altar of Xom.
  3309 | D:3      | Found a snail-covered altar of Cheibriados.
  3315 | D:3      | Became a worshipper of Cheibriados the Contemplative
  3746 | D:4      | Noticed an ogre
  3833 | D:4      | Noticed an ogre
  3866 | D:4      | Reached skill level 3 in Unarmed Combat
  3904 | D:4      | Gained mutation: A weak demonic guardian rushes to your aid. [demonic ancestry]
  3904 | D:4      | Reached XP level 6. HP: 46/46 MP: 9/9
  3915 | D:4      | Reached skill level 1 in Armour
  4074 | D:4      | Found Puguhagg's Distillery.
  4147 | D:4      | Reached * piety under Cheibriados
  4456 | D:5      | Entered Level 5 of the Dungeon
  4456 | D:5      | Noticed M4edhros's ghost (novice OpAr)
  4573 | D:5      | Reached skill level 4 in Unarmed Combat
  4677 | D:4      | Reached XP level 7. HP: 44/52 MP: 7/10
  4919 | D:5      | Killed M4edhros's ghost
  4927 | D:5      | Reached skill level 5 in Unarmed Combat
  5087 | D:5      | Reached ** piety under Cheibriados
  5403 | D:5      | Gained mutation: Your flesh is cold resistant. [demonic ancestry]
  5403 | D:5      | Reached XP level 8. HP: 23/58 MP: 4/11
  5554 | D:5      | Reached skill level 6 in Unarmed Combat
  5663 | D:5      | Reached *** piety under Cheibriados
  6268 | D:5      | Reached **** piety under Cheibriados
  6307 | D:6      | Reached skill level 7 in Unarmed Combat
  6341 | D:6      | Reached skill level 1 in Invocations
  6698 | D:6      | Gained mutation: You have sharp toenails. [demonic ancestry]
  6698 | D:6      | Reached XP level 9. HP: 56/65 MP: 12/12
  7495 | D:7      | You fall through a shaft!
  7744 | D:7      | Reached skill level 5 in Dodging
  7750 | D:7      | Reached skill level 8 in Unarmed Combat
  7805 | D:7      | Reached ***** piety under Cheibriados
  7847 | D:7      | Gained mutation: You possess an exceptional clarity of mind. [potion of mutation]
  7847 | D:7      | Gained mutation: You are robust (+10% HP). [potion of mutation]
  7847 | D:7      | Gained mutation: You evolve. [potion of mutation]
  7932 | D:7      | Reached skill level 5 in Armour
  7992 | D:7      | Gained mutation: Your body sometimes deteriorates upon taking damage. [evolution]
  8210 | D:7      | Found a staircase to the Ecumenical Temple.
  8446 | D:8      | Reached skill level 5 in Fighting
  8464 | D:8      | Noticed Psyche
  8474 | D:8      | Killed Psyche
  8481 | D:8      | Found a blossoming altar of Fedhas.
  8553 | D:8      | Reached XP level 10. HP: 81/81 MP: 13/13
  8634 | D:8      | Found a stormy altar of Qazlal.
  8842 | D:8      | Gained mutation: Your flesh is very cold resistant. [mutagenic meat]
  8843 | D:8      | Gained mutation: You sometimes yell uncontrollably at your foes. [mutagenic meat]
  8844 | D:8      | Gained mutation: You have a pair of small horns on your head. [mutagenic meat]
  8845 | D:8      | Lost mutation: You are clumsy. (Dex -2) [mutagenic meat]
  8860 | D:8      | Found a blossoming altar of Fedhas.
  9129 | D:9      | Reached skill level 9 in Unarmed Combat
  9203 | D:9      | Reached skill level 5 in Invocations
  9401 | D:9      | Gained mutation: You are clumsy. (Dex -2) [evolution]
  9483 | D:9      | Gained mutation: Armour fits poorly on your strangely shaped body. [mutagenic meat]
  9484 | D:9      | Gained mutation: You frequently scream uncontrollably at your foes. [mutagenic meat]
  9491 | D:9      | Found a glowing golden altar of the Shining One.
  9535 | D:9      | Learned a level 1 spell: Apportation
  9538 | D:9      | Learned a level 2 spell: Blink
  9541 | D:9      | Learned a level 2 spell: Shroud of Golubria
 10263 | D:9      | Found a staircase to the Lair.
 10410 | D:10     | Entered Level 10 of the Dungeon
 10410 | D:10     | Noticed Fannar
 10452 | D:10     | Killed Fannar
 10452 | D:10     | Reached ****** piety under Cheibriados
 10553 | D:10     | Reached skill level 10 in Unarmed Combat
 10597 | D:10     | Killed an unseen horror
 10597 | D:10     | Reached XP level 11. HP: 29/89 MP: 15/15
 10735 | D:10     | Learned a level 4 spell: Passage of Golubria
 11027 | D:10     | Noticed Harold
 11048 | D:10     | Killed Harold
 11392 | D:11     | Noticed Erolcha
 11392 | D:11     | Noticed a red ugly thing
 11407 | D:11     | Reached skill level 1 in Translocations
 11464 | D:11     | Killed Erolcha
 11494 | D:11     | Killed a red ugly thing
 11525 | D:11     | Gained mutation: Your flesh is almost immune to the effects of cold. [mutagenic meat]
 11526 | D:11     | Gained mutation: You regenerate slowly when monsters are visible. [mutagenic meat]
 11615 | D:11     | Noticed a red ugly thing
 11624 | D:11     | Noticed Maud
 11625 | D:11     | Killed a red ugly thing
 11648 | D:11     | Slain by Maud

Vault maps used:
D:1:      dpeg_arrival_chase, fountainhead, st_stairs_11
D:2:      good_gods_mini_temple
D:3:      vehumet_crystals, grunt_temple_overflow_cloverleaf, uniq_jessica
D:4:      serial_shops, nicolae_shop_trees
D:5:      lemuel_castle_with_subvaults, first_bread
D:7:      minmay_temple_entry_oklob
D:8:      old_standard_altar, hangedman_tree_tricks, fedhas_altar_3, uniq_psyche
D:9:      david_lair_shrubbed, basic_altar
D:10:     minmay_misc_feat_tiny, uniq_harold, uniq_fannar
D:11:     minmay_orc_entry_temple_small, lasty_cornered_adventurer,
          uniq_erolcha, uniq_grum, uniq_maud

Skill      XL: |  1  2  3  4  5  6  7  8  9 10 11 |
---------------+----------------------------------+-----
Dodging        | 2 3 4 5 6 7 |  7.1
Fighting       | 1 2 3 4 5 6 |  6.8
Unarmed Combat | 1 2 3 4 5 7 8 10 | 10.5
Armour         | 1 3 4 5 6 |  6.9
Invocations    | 2 4 6 7 |  7.1
Translocations | 2 |  2.0
Stealth        | |  1.7
Spellcasting   | |  2.6
Conjurations   | |  1.0
Ice Magic      | |  2.6

Action                   |  1- 3 |  4- 6 |  7- 9 | 10-12 || total
-------------------------+-------+-------+-------+-------++-------
Melee: Dagger            |    66 |    83 |       |       ||   149
       Unarmed           |       |    41 |    50 |    17 ||   108
       Whip              |       |       |   353 |   337 ||   690
       Spear             |       |       |    50 |     8 ||    58
Throw: Throwing net      |     3 |       |       |       ||     3
 Cast: Freeze            |    85 |    77 |    65 |       ||   227
       Shroud of Golubri |       |       |       |     3 ||     3
       Blink             |       |       |       |     2 ||     2
Invok: Slouch            |       |       |       |     1 ||     1
Evoke: Phial of floods   |       |       |       |     1 ||     1
  Use: Scroll            |       |    11 |     7 |     6 ||    24
       Potion            |       |     5 |     6 |     4 ||    15
 Stab: Sleeping          |     1 |     1 |     5 |     4 ||    11
       Held in net/web   |     1 |       |       |       ||     1
       Distracted        |       |       |     5 |     3 ||     8
       Invisible         |       |       |       |     6 ||     6
  Eat: Chunk             |     7 |     7 |     6 |    19 ||    39
       Royal jelly       |       |       |     1 |       ||     1
